 Dungeon Crawl Stone Soup version 0.22-a0-247-gbddf880 (webtiles) character file.

168 KristoblXynda the Slasher (level 5, -1/41 HPs)
             Began as a Draconian Gladiator on Feb 24, 2018.
             Killed by nerve-wracking pain
             ... invoked by an orc priest
              (14 damage)
             ... on level 3 of the Dungeon.
             The game lasted 00:03:02 (2444 turns).

KristoblXynda the Slasher (Draconian Gladiator)     Turns: 2444, Time: 00:03:02

Health: -1/41      AC:  5    Str: 16    XL:     5   Next: 23%
Magic:  5/5        EV: 13    Int: 15    God:
Gold:   156        SH:  0    Dex: 12    Spells: 4/4 levels left

rFire    . . .     SeeInvis +   a - +0 long sword
rCold    . . .     Gourm    .   (no shield)
rNeg     . . .     Faith    .   (armour unavailable)
rPois    .         Spirit   .   b - +0 hat
rElec    .         Reflect  .   (no cloak)
rCorr    .         Harm     .   (no gloves)
MR       .....                  (no boots)
Stlth    +.........             (no amulet)
HPRegen  0.13/turn              h - ring of see invisible
MPRegen  0.09/turn              (no ring)

@: brilliant, hasted, very quick
A: unfitting armour, sense surroundings 1, wild magic 1, cold-blooded, AC +5
a: no special abilities


You were on level 3 of the Dungeon.
You were not hungry.

You visited 1 branch of the dungeon, and saw 3 of its levels.

You collected 156 gold pieces.

Inventory:

Hand Weapons
 a - a +0 long sword (weapon)
Missiles
 c - 2 throwing nets (quivered)
Armour
 b - a +0 hat (worn)
Jewellery
 h - a ring of see invisible (left hand)
Scrolls
 e - a scroll of enchant armour {unknown}
 i - 2 scrolls of remove curse
 k - a scroll of fog {unknown}
 n - a scroll of identify {unknown}
Potions
 f - a potion of brilliance
Comestibles
 d - 2 rations


   Skills:
 - Level 2.1 Fighting
 * Level 5.0 Long Blades
 - Level 2.1 Throwing
 + Level 3.7 Dodging


You had 4 spell levels left.
You didn't know any spells.

Dungeon Overview and Level Annotations

Branches:
Dungeon (3/15)

Altars:


Innate Abilities, Weirdness & Mutations

Your plain brown scales are hard. (AC +5)
You cannot fit into any form of body armour.
You are cold-blooded and may be slowed by cold attacks.
You passively map a small area around you.
Your spells are a little harder to cast, but a little more powerful.


Message History

The adder bites you.
You slash the adder!
You kill the adder!
The orc priest hits you with a club.
* * * LOW HITPOINT WARNING * * *
Items here: ( )) †† a dagger; an uncursed blowgun; 11 poisoned needles; an adder corpse a kobold corpse You closely miss the orc priest.
Your tail-slap misses the orc priest.
You closely miss the orc priest.
You tail-slap the orc priest, but do no damage.
The orc priest miscasts a cantrip.
Throwing (i - inventory)
c - 3 throwing nets (quivered)
Press: ? - help, Shift-Dir - straight line, f - orc priest
Aim: an orc priest, wielding a club You throw a throwing net.
The throwing net closely misses the orc priest.
The orc priest mumbles some strange prayers to Beogh against you.
Pain shoots through your body!
You die...

* , * , * * * , ,
, ... ######## #..
#......# , #...
#@####.###
##...##o().#...
......####.#.# ###
#.......oo..#... ,
#......K..#.#.# .
≈
#.........#...##..
#..#........#... ,
,
..%o.#.#<...#.##*
* . ,
##...#.#......# g.


You could see an orc priest.

Vanquished Creatures
  A worker ant (D:2)
  Robin (D:3)
  5 adders
  A worm (D:2)
  2 dart slugs (D:2)
  5 leopard geckos
  4 orcs (D:3)
  2 giant cockroaches
  16 goblins
  9 hobgoblins
  7 kobolds
  2 quokkas (D:2)
  A ball python (D:2)
  4 bats
  A frilled lizard (D:2)
  4 rats
65 creatures vanquished.

Notes
Turn   | Place    | Note
-------+----------+-------------------------------------------
     0 | D:1      | KristoblXynda the Draconian Gladiator began the quest for the Orb.
     0 | D:1      | Reached XP level 1. HP: 17/17 MP: 1/1
   155 | D:1      | Reached XP level 2. HP: 11/24 MP: 2/2
  1170 | D:2      | Reached XP level 3. HP: 28/29 MP: 3/3
  1232 | D:2      | Reached skill level 4 in Long Blades
  1240 | D:2      | Reached XP level 4. HP: 11/36 MP: 4/4
  2147 | D:3      | Noticed Robin
  2201 | D:3      | Killed Robin
  2388 | D:3      | Reached XP level 5. HP: 35/41 MP: 5/5
  2423 | D:3      | Reached skill level 5 in Long Blades
  2430 | D:3      | Gained mutation: Your spells are a little harder to cast, but a little more powerful. [potion of mutation]
  2430 | D:3      | Gained mutation: You passively map a small area around you. [potion of mutation]
  2444 | D:3      | Killed from afar by an orc priest

Vault maps used:
D:1:      lightli_arrival_statue_moat, minivault_19
D:2:      moated_statue
D:3:      fedhas_altar_2, doesnt_xom_only_xom, first_ration, uniq_robin

Skill      XL: |  1  2  3  4  5 |
---------------+----------------+-----
Throwing       | 2 |  2.1
Dodging        | 3 |  3.7
Long Blades    | 4 5 |  5.0
Fighting       | |  2.1

Action                   |  1- 3 |  4- 6 || total
-------------------------+-------+-------++-------
Melee: Long sword        |    77 |   111 ||   188
       Tailslap          |     7 |    12 ||    19
Throw: Throwing net      |       |     1 ||     1
  Use: Scroll            |       |     2 ||     2
       Potion            |       |     4 ||     4
 Stab: Sleeping          |     1 |     3 ||     4
  Eat: Chunk             |     1 |     4 ||     5
Armor: Skin              |    25 |    34 ||    59
Dodge: Dodged            |    59 |    73 ||   132
       Rpst.: Long sword |    17 |    13 ||    30

Table legend:
 A = Spawn XP
 B = Non-spawn XP
 C = Spawn XP percentage of total XP
 D = Spawn monster count
 E = Non-spawn monster count
 F = Spawn count percentage of total count
 G = Total turns spent on level
                    A         B        C        D         E        F      G
               +---------+---------+-------+---------+---------+-------+---------
         Total |       0 |     240 |   0.0 |       0 |      65 |   0.0 |  2444
               +---------+---------+-------+---------+---------+-------+---------
           D:1 |       0 |      32 |   0.0 |       0 |      16 |   0.0 |  1089
           D:2 |       0 |     122 |   0.0 |       0 |      25 |   0.0 |   993
           D:3 |       0 |      86 |   0.0 |       0 |      24 |   0.0 |   362
               +---------+---------+-------+---------+---------+-------+---------
